AoeStats
← EXILE | NOPALITO

Four Lakes

510115309Analyzed
1v1 RM · 3d ago on Sep 29, 2026· 52m 14s· 2 players
Game mode
Random Map
Map size
Tiny (2 player)
Population
200
Speed
Normal
Resources
Standard
Victory
Conquest
Starting age
Dark Age
Ending age
Imperial Age
RankedLock teamsTeams togetherTeam positionsShared explorationLock speedFull tech treeHidden civsTurbo modeCheats
Victory
Defeat
🇺🇸 Vikings · United States
1279
+16
🇺🇸 Byzantines · United States
1272
-16
BooYaMoonAgain
5:18 Loom
5:32 Loom
6:09 Loom
11:42 Feudal Age
21:35 Castle Age
27:41 Double-Bit Axe
32:59 Fletching
39:36 Imperial Age
38:16 Bodkin Arrow
41:24 Gold Mining
50:24 Stone Mining
EXILE | NOPALITO
7:42 Loom
9:34 Feudal Age
10:15 Man-at-Arms
11:32 Arson
13:37 Fletching
22:49 Castle Age
22:21 Double-Bit Axe
23:44 Horse Collar
25:44 Bodkin Arrow
27:02 Scale Barding Armor
28:53 Crossbowman
29:52 Gold Mining
30:44 Chain Barding Armor
34:25 Bow Saw
37:17 Scale Mail Armor
41:14 Imperial Age
44:31 Chain Mail Armor
44:24 Bracer
45:37 Arbalester
48:08 Chemistry
47:32 Ballistics
48:18 Chemistry
47:41 Ballistics
47:31 Masonry
50:37 Hoardings
50:11 Cavalier
51:07 Padded Archer Armor
Connection lost

Rejoining the realm…

Still unreachable

The connection could not be restored.

Session expired

The server has moved on; the page needs a fresh start.